 Dungeon Crawl Stone Soup version 0.30-a0-571-gdf30a72648 (webtiles) character file.

Game seed: 13403988522531007412

592 bmack86 the Chopper (level 7, -1/61 HPs)
             Began as a Minotaur Fighter on Dec 29, 2022.
             Slain by a yak (8 damage)
             ... on level 5 of the Dungeon.
             The game lasted 00:08:17 (3569 turns).

bmack86 the Chopper (Minotaur Fighter)              Turns: 3569, Time: 00:08:17

Health: -1/61      AC:  8    Str: 23    XL:     7   Next: 16%
Magic:  6/6        EV:  9    Int:  5    God:
Gold:   136        SH:  4    Dex:  9    Spells: 6/6 levels left

rFire   x . .      SeeInvis .    a - +0 war axe
rCold   + . .      Faith    .    c - +0 buckler
rNeg    . . .      Spirit   .    b - +0 scale mail
rPois   .          Reflect  .    (helmet restricted)
rElec   .          Harm     .    (no cloak)
rCorr   .          Rampage  .    d - +0 pair of gloves
Will    .....                    (no boots) Stlth
                                 (no amulet)
HPRegen 0.30/turn                m - ring of ice
MPRegen 0.10/turn                (no ring)

@: no status effects
A: horns 2, retaliatory headbutt
a: no special abilities


You were on level 5 of the Dungeon.
You visited 1 branch of the dungeon, and saw 5 of its levels.

You collected 136 gold pieces.

Inventory:

Hand Weapons
 a - a +0 war axe (weapon)
Missiles
 i - 5 poisoned darts (quivered)
Armour
 b - a +0 scale mail (worn)
 c - a +0 buckler (worn)
 d - a +0 pair of gloves (worn)
Jewellery
 m - a ring of ice (left hand)
 p - the amulet "Neogyc Umnos" {Acrobat rC++ Int-5 Dex+4}
   (You found it on level 3 of the Dungeon)

   [amulet of the acrobat]

   It increases your evasion while moving and waiting.
   Int:       It affects your intelligence (-5).
   Dex:       It affects your dexterity (+4).
   rC:        It greatly protects you from cold.
Wands
 s - a wand of iceblast (6)
 t - a wand of mindburst (4)
Scrolls
 e - 2 scrolls of amnesia
 h - 3 scrolls of teleportation
 j - a scroll of silence {unknown}
 k - 2 scrolls of fog
 o - a scroll of immolation {unknown}
 r - 2 scrolls of enchant weapon {unknown}
Potions
 f - 4 potions of curing
 g - 2 potions of attraction {unknown}
 l - 2 potions of lignification {unknown}
 n - a potion of ambrosia {unknown}
 q - a potion of brilliance {unknown}


   Skills:
 + Level 5.2 Fighting
 * Level 5.9 Axes
 + Level 2.7 Throwing
 + Level 5.2 Armour
 + Level 5.2 Shields


You had 6 spell levels left.
You didn't know any spells.
Your spell library contained the following spells:

 Spells                   Type           Power      Damage    Failure   Level
 Cigotuvi's Dreadful Rot  Necr/Pois/Air  0%         N/A       94%         2
 Poisonous Vapours        Pois/Air       0%         N/A       94%         2
 Dazzling Flash           Conj/Hex       0%         N/A       99%         3
 Kindle Blastsparks       Fire/Tloc/Air  0%         2d10      99%         3
 Mephitic Cloud           Conj/Pois/Air  0%         N/A       99%         3
 Fulminant Prism          Conj/Hex       0%         3d5       100%        4
 Iskenderun's Mystic Bla  Conj/Tloc      0%         2d3       100%        4
 Petrify                  Tmut/Erth      0%         N/A       100%        4
 Agony                    Necr           0%         N/A       100%        5
 Lee's Rapid Deconstruct  Erth           0%         3d4*      100%        5
 Metabolic Englaciation   Hex/Ice        0%         N/A       100%        5
 Silence                  Hex/Air        0%         N/A       100%        5
 Statue Form              Tmut/Erth      0%         N/A       100%        6


Dungeon Overview and Level Annotations

Branches:
Dungeon (5/15)
 Temple: D:4-7

Altars:
Cheibriados
Dithmenos
Elyvilon
Yredelemnul
Zin


Innate Abilities, Weirdness & Mutations

You have a pair of horns on your head.
You reflexively headbutt those who attack you in melee.


Message History

The yak closely misses you. You furiously retaliate!
You headbutt the yak. The yak gores you but does no damage.
The yak closely misses you.
You see here a sapphire potion.
You hit the yak but do no damage. Your headbutt misses the yak.
You hit the yak but do no damage. You barely miss the yak.
The yak closely misses you. The yak gores you. The yak barely misses you.
You furiously retaliate!
You headbutt the yak, but do no damage. You hit the yak but do no damage.
You headbutt the yak!
The yak is moderately wounded.
You closely miss the yak. You hit the yak but do no damage.
You block the yak's attack. The yak gores you! The yak closely misses you.
The yak completely misses you. The yak gores you but does no damage.
The yak gores you!
You slash the yak!
The yak is heavily wounded.
You barely miss the yak. You slash the yak! The yak gores you!
The yak misses you. The yak closely misses you.
You hit the yak.
The yak is heavily wounded.
You slash the yak! You hit the yak. The yak gores you.
The yak closely misses you. You furiously retaliate!
You headbutt the yak! You block the yak's attack.
You hit the yak.
The yak is almost dead.
You hit the yak. You barely miss the yak. You block the yak's attack.
The yak gores you. x2
* * * LOW HITPOINT WARNING * * *
The yak barely misses you. The yak gores you!
* * * LOW HITPOINT WARNING * * *
The yak barely misses you.
You slash the yak!
You kill the yak!
You hit the yak but do no damage. You hit the yak. You block the yak's attack.
The yak gores you but does no damage.
Your Armour skill increases to level 5!
You have reached level 7!
You slash the yak! You headbutt the yak!
The yak is almost dead.
You barely miss the yak. You block the yak's attack. The yak gores you!
You die...

.............#
..............
.....[..<..... .
........#####. .#
........# ## ..# ........#
.##.##.
........#########.......
...#..####.............#
##..#.# ##@Y# ###.#..#
#Y.## # ..#... #.## #
#....## #.# ##
#.....#####.#
....##..#.......##########
........#####............#
......#.## #.............#
......#..###.##..........#


You could see 2 yaks.

Vanquished Creatures
  A yak (D:5)
  2 scorpions (D:4)
  A howler monkey (D:4)
  2 hounds
  A gnoll bouda (D:5)
  A jelly (D:5)
  An iguana (D:5)
  4 gnolls (D:5)
  3 adders
  An ufetubus (D:5)
  2 worms
  2 dart slugs
  An orc (D:3)
  5 endoplasms
  7 giant cockroaches
  9 goblins
  3 hobgoblins
  7 jackals
  6 quokkas
  7 ball pythons
  2 bats
  3 frilled lizards
  2 kobolds
  2 rats
75 creatures vanquished.

Notes
Turn   | Place    | Note
-------+----------+-------------------------------------------
     0 | D:1      | bmack86 the Minotaur Fighter began the quest for the Orb.
     0 | D:1      | Reached XP level 1. HP: 19/19 MP: 0/0
   718 | D:1      | Reached XP level 2. HP: 26/27 MP: 1/1
  1596 | D:2      | Reached XP level 3. HP: 33/33 MP: 2/2
  1941 | D:3      | Reached skill level 1 in Throwing
  1958 | D:3      | Identified the +0 spear "Lazxuwn" {freeze, rF- Str+6}
  2013 | D:3      | Reached XP level 4. HP: 40/40 MP: 3/3
  2291 | D:3      | Identified the amulet "Neogyc Umnos" {Acrobat rC++ Int-5
                  | Dex+4}
  2510 | D:3      | Found a basalt altar of Yredelemnul.
  2510 | D:3      | Found a glowing silver altar of Zin.
  2556 | D:3      | Found a shadowy altar of Dithmenos.
  2556 | D:3      | Found a snail-covered altar of Cheibriados.
  2870 | D:4      | Identified the +1 robe of the Gloaming {rN+ SInv}
  2979 | D:4      | Noticed a scorpion
  2985 | D:4      | Killed a scorpion
  2986 | D:4      | Reached XP level 5. HP: 36/47 MP: 4/4
  3300 | D:5      | Entered Level 5 of the Dungeon
  3306 | D:5      | Reached XP level 6. HP: 49/53 MP: 5/5
  3319 | D:5      | Reached skill level 5 in Axes
  3442 | D:5      | Reached skill level 5 in Fighting
  3448 | D:5      | Reached skill level 5 in Shields
  3469 | D:5      | Found a white marble altar of Elyvilon.
  3556 | D:5      | Noticed a yak
  3556 | D:5      | Noticed a yak
  3557 | D:5      | Noticed a yak
  3568 | D:5      | Killed a yak
  3569 | D:5      | Reached skill level 5 in Armour
  3569 | D:5      | Reached XP level 7. HP: 7/61 MP: 6/6
  3569 | D:5      | Slain by a yak

Illustrated notes

Levels and vault maps discovered:
D:1:      elethiomel_arrival_shortcut, layout_basic
D:2:      layout_loops_corners
D:3:      cheibrodos_helix_gallery, layout_basic,
          amethyst_overflow_temple_binary, gammafunk_temple_overflow_wave,
          minmay_misc_feat_tiny, hangedman_decor_riveting
D:4:      layout_basic
D:5:      layout_rooms, kennysheep_mini_moat, old_standard_altar

Skill      XL: |  1  2  3  4  5  6 |
---------------+-------------------+-----
Axes           | 3 4 5 |  5.9
Shields        | 4 5 |  5.2
Armour         | 4 5 |  5.2
Fighting       | 4 5 |  5.2
Throwing       | 1 2 |  2.7

Action                   |  1- 3 |  4- 6 |  7- 9 || total
-------------------------+-------+-------+-------++-------
Melee: War axe           |    65 |   102 |     1 ||   168
       Headbutt          |     8 |    12 |     1 ||    21
Throw: Dart              |    13 |    23 |       ||    36
  Use: Scroll            |     7 |     1 |       ||     8
       Potion            |       |     1 |       ||     1
Armor: Scale mail        |    42 |    69 |       ||   111
Dodge: Dodged            |    33 |    61 |       ||    94
Block: Buckler           |    18 |    44 |     1 ||    63

Table legend: (Time is in decaauts)
 A = Elapsed time spent in this place.
 B = Non-inter-level travel time spent in this place.
 C = Inter-level travel time spent in this place.
 D = Time resting spent in this place.
 E = Time spent auto-exploring this place.
 F = Levels seen in this place.
 G = Mean time per level.
                   A        B        C        D        E       F      G
               +--------+--------+--------+--------+--------+-----+--------+
         Total |   3632 |   3554 |     78 |      0 |   2665 |   5 |  726.4 |
       Dungeon |   3632 |   3554 |     78 |      0 |   2665 |   5 |  726.4 |
               +--------+--------+--------+--------+--------+-----+--------+

Top non-repeatable levels by time:
     D:1: 1000 daAuts
     D:2: 922 daAuts
     D:3: 852 daAuts
     D:4: 568 daAuts
     D:5: 287 daAuts
